 Dungeon Crawl Stone Soup version 0.31.0-9-g3a7656b989 (webtiles) character file.

Game seed: 3942599405440746324

4124 Killerpretzel the Geomancer (level 10, -2/50 HPs)
             Began as a Gargoyle Earth Elementalist on Jan 26, 2024.
             Was an Initiate of Vehumet.
             Slain by a hornet (11 damage)
             ... on level 9 of the Dungeon.
             The game lasted 00:42:51 (10910 turns).

Killerpretzel the Geomancer (GrEE)                 Turns: 10910, Time: 00:42:51

Health: -2/50      AC: 13    Str:  9      XL:     10   Next: 27%
Magic:  27/31      EV: 11    Int: 12 (21) God:    Vehumet [......]
Gold:   321        SH:  0    Dex: 10      Spells: 21/25 levels left

rFire   . . .        i - +9 mace of Eminent Domain {freeze, Fly rN+ MP+9 Str-2}
rCold   . . .        (no shield)
rNeg    + + .        a - +0 robe
rPois   ∞            u - +1 hat
rElec   +            c - +2 cloak
rCorr   +            (no gloves)
SInv    .            (no boots)
Will    .....        (no amulet)
Stlth   ++           w - ring of wizardry
HPRegen 0.28/turn    j - ring of resist corrosion
MPRegen 0.22/turn

%: wizardry (x1)
@: about to teleport, flying
A: sickness immunity, AC +7, negative energy resistance 1, electricity
resistance, torment resistance 1, petrification resistance
a: Renounce Religion


You were on level 9 of the Dungeon.
You worshipped Vehumet.
Vehumet was noncommittal.
You visited 2 branches of the dungeon, and saw 10 of its levels.

You collected 354 gold pieces.
You spent 33 gold pieces at shops.

Inventory:

Hand Weapons
 e - a +1 short sword of protection
 i - the +9 mace of Eminent Domain (weapon) {freeze, Fly rN+ MP+9 Str-2}
   (You found it on level 2 of the Dungeon)

   Str-2:     It affects your strength (-2).
   rN+:       It protects you from negative energy.
   MP+9:      It affects your magic capacity (+9).
   Fly:       It grants you flight.
Missiles
 g - 11 boomerangs (quivered)
Armour
 a - a +0 robe (worn)
 c - a +2 cloak (worn)
 u - a +1 hat (worn)
 E - a +1 cloak
Magical Staves
 k - a staff of cold
Jewellery
 j - a ring of resist corrosion (right hand)
 w - a ring of wizardry (left hand)
 G - a ring of positive energy
Wands
 A - a wand of flame (18)
Scrolls
 d - a scroll of silence {unknown}
 f - a scroll of noise
 h - 5 scrolls of enchant armour {unknown}
 m - a scroll of immolation {unknown}
 n - a scroll of acquirement {unknown}
 p - a scroll of teleportation
 r - a scroll of revelation {unknown}
 s - 5 scrolls of identify
 t - a scroll of brand weapon {unknown}
 x - 2 scrolls of fog {unknown}
 y - a scroll of fear {unknown}
 z - a scroll of blinking {unknown}
 B - a scroll of amnesia {unknown}
 D - a scroll of torment {unknown}
 F - a scroll of vulnerability {unknown}
Potions
 b - a potion of magic
 l - a potion of might
 o - 2 potions of haste {unknown}
 q - a potion of curing {unknown}
 v - 2 potions of degeneration {unknown}
 C - a potion of berserk rage {unknown}


   Skills:
 - Level 1.5 Dodging
 - Level 2.1 Stealth
 * Level 8.0 Spellcasting
 * Level 9.3 Conjurations
 * Level 10.6 Earth Magic


You had 21 spell levels left.
You knew the following spells:

 Your Spells              Type           Power      Damage    Failure   Level
a - Sandblast             Erth           60%        2d14      1%          1
b - Passwall              Erth           30%        N/A       1%          3

Your spell library contained the following spells:

 Spells                   Type           Power      Damage    Failure   Level
 Stone Arrow              Conj/Erth      56%        3d10      1%          3
 Brom's Barrelling Bould  Conj/Erth      28%        2d5       1%          4
 Petrify                  Alch/Erth      17%        N/A       6%          4
 Call Imp                 Summ           8%         N/A       9%          2
 Flame Wave               Conj/Fire      16%        2d7       9%          4
 Inner Flame              Hex/Fire       4%         N/A       17%         3
 Sticky Flame             Fire/Alch      4%         2d4       47%         4
 Summon Hydra             Summ           2%         N/A       100%        7
 Sublimation of Blood     Necr           Unusable   N/A       N/A         2

Dungeon Overview and Level Annotations

Branches:
Dungeon (9/15)             Temple (1/1) D:5             Orc (0/2) D:9
   Lair: D:8-11

Altars:
Ashenzari
Cheibriados
Dithmenos
Elyvilon
Fedhas
Hepliaklqana
Kikubaaqudgha
Makhleb
Nemelex Xobeh
Qazlal
Ru
Sif Muna
Vehumet
Wu Jian
Xom
Zin
The Shining One

Shops:
D:1 [   D:3 *   D:4 *

Annotations:
D:3 1 runed translucent door, exclusion: downstairs, iamserjio's ghost, amateur DEGl
D:7 Maggie; Prince Ribbit
D:8 1 runed translucent door, Gottschkopf's ghost, novice MiFi


Innate Abilities, Weirdness & Mutations

You are immune to sickness and miasma.
Your stone body is resilient. (AC +7)
You are immune to poison.
You resist negative energy. (rN+)
You are resistant to electric shocks. (rElec)
You are resistant to unholy torment.
You are immune to petrification.


Message History

Aim: a hornet (76% to hit)
The blast of sand hits the hornet but does no damage.
The rime drake hisses angrily.
The hornet barely misses you. The hornet completely misses you.
There are monsters nearby!
Casting: Sandblast (safe; 1% risk of failure)
Confirm with . or Enter, or press ? or * to list all spells.
Aiming: Sandblast (safe; 1% risk of failure)
Press: ? - help, Shift-Dir - straight line, f/p - hornet
Aim: a hornet (76% to hit)
The blast of sand hits the hornet!
The hornet is moderately wounded.
The hornet stings you but does no damage.
The hornet closely misses you. The hornet completely misses you.
There are monsters nearby!
Casting: Sandblast (safe; 1% risk of failure)
Confirm with . or Enter, or press ? or * to list all spells.
Aiming: Sandblast (safe; 1% risk of failure)
Press: ? - help, Shift-Dir - straight line, f/p - hornet
Aim: a hornet (moderately wounded, 76% to hit)
The blast of sand hits the hornet!
The hornet is heavily wounded.
The hornet stings you! The hornet barely misses you.
There are monsters nearby!
Casting: Sandblast (safe; 1% risk of failure)
Confirm with . or Enter, or press ? or * to list all spells.
Aiming: Sandblast (safe; 1% risk of failure)
Press: ? - help, Shift-Dir - straight line, f/p - hornet
Aim: a hornet (heavily wounded, 76% to hit)
The blast of sand misses the hornet.
The hornet stings you!
* * * LOW HITPOINT WARNING * * *
The hornet stings you!
* * * LOW HITPOINT WARNING * * *
There are monsters nearby!
As you read the scroll of teleportation, it crumbles to dust.
You feel strangely unstable. The hornet closely misses you.
The hornet stings you but does no damage.
You see here a +0 ring mail.
The hornet stings you!
You die...

....h# ##..h..#
#.~...#.#
#hh.y.... #k# #.#
#h# #y# #@# #.#
##########.#
#######..........#
........##########
#########


You could see a polar bear, a rime drake, a hornet and 2 wolves.

Vanquished Creatures
  A wyvern (D:9)
  A steam dragon (D:6)
  3 water moccasins (D:7)
  4 orc warriors
  An ice beast (D:8)
  2 sky beasts
  A black bear (D:5)
  2 ogres
  3 centaurs
  A phantom (D:5)
  5 kobold brigands
  4 scorpions
  3 bullfrogs
  11 wights
  An electric eel (D:6)
  3 howler monkeys (D:8)
  A bombardier beetle (D:6)
  A gnoll bouda (D:4)
  4 jellies
  4 orc priests (D:7)
  2 hounds
  4 iguanas
  6 orc wizards
  4 gnolls (D:4)
  5 adders
  A white imp (D:5)
  2 ufetubi (D:6)
  2 dart slugs (D:2)
  A ribbon worm (D:2)
  26 orcs
  2 bats
  6 endoplasms
  4 giant cockroaches
  6 goblins
  5 hobgoblins
  A jackal (D:3)
  23 kobolds
  3 quokkas
  4 ball pythons
  A goblin zombie (D:7)
  A quokka zombie (D:7)
  8 rats
173 creatures vanquished.

Vanquished Creatures (others)
  A goblin (D:7)
1 creature vanquished.

Grand Total: 174 creatures vanquished

Notes
Turn   | Place    | Note
-------+----------+-------------------------------------------
     0 | D:1      | Killerpretzel the Gargoyle Earth Elementalist began the
                  | quest for the Orb.
     0 | D:1      | Reached XP level 1. HP: 10/10 MP: 3/3
     7 | D:1      | Found Wibaf's Antique Armour Shoppe.
   253 | D:1      | Reached XP level 2. HP: 15/15 MP: 3/5
   420 | D:1      | Reached skill level 4 in Earth Magic
   745 | D:2      | Reached XP level 3. HP: 18/19 MP: 3/6
   900 | D:2      | Identified the +9 mace of Eminent Domain {freeze, Fly rN+
                  | MP+9 Str-2}
  1550 | D:3      | Found a runed translucent door.
  1630 | D:3      | Found a faded altar of an unknown god.
  2338 | D:3      | Reached XP level 4. HP: 24/24 MP: 8/8
  2382 | D:3      | Found Xuikkui's General Store.
  2390 | D:3      | Bought a scroll of teleportation for 33 gold pieces
  2437 | D:3      | Noticed iamserjio's ghost (amateur DEGl)
  2523 | D:4      | Noticed a scorpion
  2540 | D:4      | Killed a scorpion
  2541 | D:4      | Reached XP level 5. HP: 17/28 MP: 6/9
  2546 | D:4      | Reached skill level 5 in Earth Magic
  2785 | D:4      | Reached XP level 6. HP: 21/32 MP: 11/11
  3181 | D:4      | Found Uguleck's Neck Hole.
  3301 | D:5      | Entered Level 5 of the Dungeon
  3348 | D:5      | Found a staircase to the Ecumenical Temple.
  3362 | D:5      | Noticed a black bear
  3364 | D:5      | Reached skill level 6 in Earth Magic
  3364 | D:5      | Reached XP level 7. HP: 34/36 MP: 11/13
  3369 | D:5      | Learned a level 3 spell: Passwall
  3499 | Temple   | Entered the Ecumenical Temple
  3653 | D:5      | Reached skill level 5 in Conjurations
  4116 | D:6      | Noticed a steam dragon
  4127 | D:6      | Killed a steam dragon
  4128 | D:6      | Reached skill level 5 in Spellcasting
  4128 | D:6      | Reached skill level 7 in Earth Magic
  4128 | D:6      | Reached XP level 8. HP: 24/41 MP: 15/15
  4832 | D:7      | Reached skill level 8 in Earth Magic
  4908 | D:7      | Found a shimmering altar of Xom.
  4990 | D:7      | Noticed Maggie
  5100 | D:7      | Found a glowing silver altar of Zin.
  5131 | D:7      | Reached XP level 9. HP: 35/45 MP: 18/18
  5569 | D:7      | Noticed Prince Ribbit
  5641 | D:8      | Found a runed translucent door.
  5642 | D:8      | Noticed Gottschkopf's ghost (novice MiFi)
  5652 | D:8      | Reached skill level 9 in Earth Magic
  6620 | D:8      | Reached skill level 10 in Earth Magic
  6861 | Temple   | Became a worshipper of Sif Muna the Loreminder
  7006 | D:8      | Reached XP level 10. HP: 50/50 MP: 21/21
  7041 | D:8      | Found a radiant altar of Vehumet.
  7045 | D:8      | Fell from the grace of Sif Muna
  7045 | D:8      | Became a worshipper of Vehumet
  7193 | D:8      | Found a white marble altar of Elyvilon.
  7276 | D:8      | Identified the +1 trident "Kimuch" {speed, rC+ rN+ Str+2
                  | SInv}
  7671 | D:9      | Found a staircase to the Orcish Mines.
 10773 | D:9      | Found a sparkling altar of Nemelex Xobeh.
 10773 | D:9      | Found a shadowy altar of Dithmenos.
 10773 | D:9      | Found a broken altar of Ashenzari.
 10910 | D:9      | Slain by a hornet

Illustrated notes

Levels and vault maps discovered:
D:1:      matt_arrival_grand_opening, layout_rooms, serial_shops,
          nicolae_shop_tiny_glass, corexii_hall_statues_x
D:2:      layout_basic, serial_forest, infiniplex_forest_pool,
          infiniplex_forest_lined_4_way, infiniplex_forest_lined_2,
          infiniplex_forest_diagonal, infiniplex_forest_fountain,
          infiniplex_forest_lined_room_, infiniplex_forest_pool,
          infiniplex_forest_corner_2, infiniplex_forest_end_1, st_stairs_12
D:3:      layout_loops_corners, hellmonk_ecumenical_altar_lost_god,
          ebering_ghost_reflecting_pool, serial_shops, shop
D:4:      layout_rooms, nicolae_shop_sticking_my_neck_out
D:5:      layout_loops_cross, minmay_temple_entry_mist
D:6:      layout_loops_ring, kennysheep_potato
D:7:      layout_loops_ring, dk_xom_monty_hall, general_overflow_altar,
          enter_ossuary_4, nrook_uturn, grunt_ministairs_15, uniq_maggie,
          uniq_prince_ribbit1
D:8:      layout_cave_pools, nicolae_elyvilon_temple_path,
          mainiacjoe_overflow_alcove_1, ebering_ghost_funeral_grove
D:9:      kennysheep_big_flooded_room, layout_loops_ring,
          hellmonk_okawaru_the_only_friend_you_need,
          chequers_temple_overflow_statue_of_worship, hellmonk_lair_entry_icy,
          orc_0_dummy
Temple:   zaba_magenta_temple

Skill      XL: |  1  2  3  4  5  6  7  8  9 10 |
---------------+-------------------------------+-----
Earth Magic    | 4 5 6 7 8 10 | 10.6
Conjurations   | 2 3 4 5 7 8 9 |  9.3
Spellcasting   | 3 4 5 6 7 8 |  8.0
Dodging        | |  1.5
Stealth        | |  2.1

Action                     |  1- 3 |  4- 6 |  7- 9 | 10-12 || total
---------------------------+-------+-------+-------+-------++-------
  Melee: Mace              |     1 |     2 |     1 |     1 ||     5
         Short sword       |     1 |       |       |       ||     1
  Throw: Boomerang         |       |       |     7 |       ||     7
   Cast: Sandblast         |    57 |    75 |   174 |    56 ||   362
    Use: Scroll            |     3 |       |       |     1 ||     4
         Potion            |       |     2 |     2 |       ||     4
 Armour: Robe              |    18 |    56 |   112 |    35 ||   221
  Dodge: Dodged            |    10 |    57 |    89 |    23 ||   179
